 Dungeon Crawl Stone Soup version 0.27-a0-242-ge0fc76b88b (webtiles) character file.

Game seed: 6943244308917482375

2595 lunkers the Geomancer (level 9, -5/57 HPs)
             Began as an Octopode Earth Elementalist on Feb 2, 2021.
             Was a Follower of Ashenzari.
             Slain by a two-headed ogre
             ... wielding a +0 giant club
              (20 damage)
             ... on level 7 of the Dungeon.
             The game lasted 00:23:58 (11014 turns).

lunkers the Geomancer (OpEE)                       Turns: 11014, Time: 00:23:58

Health: -5/57      AC:  1    Str:  8    XL:     9   Next: 59%
Magic:  1/19       EV: 13    Int: 20    God:    Ashenzari [*.....]
Gold:   523        SH:  5    Dex: 12    Spells: 6/21 levels left

rFire    + . .     SeeInvis .   D - +5 long sword (freeze) (curse)
rCold    . . .     Faith    .   (no shield)
rNeg     . . .     Spirit   .   (helmet restricted)
rPois    .         Reflect  +   C - amulet of reflection (curse)
rElec    .         Harm     .   k - ring of protection from fire (curse)
rCorr    .         Rampage  .   (no ring)
Will     .....                  (no ring)
Stlth    +++.......             (no ring)
HPRegen  0.19/turn              (no ring)
MPRegen  0.16/turn              (no ring)
                                (no ring)
                                (no ring)

@: no status effects
A: almost no armour, stealthy swim, amphibious, 8 rings, constrict 8, camouflage
1, gelatinous body 1
a: Renounce Religion, Curse Item, Scrying


You were on level 7 of the Dungeon.
You worshipped Ashenzari.
Ashenzari was aware of your devotion.
You visited 2 branches of the dungeon, and saw 9 of its levels.

You collected 523 gold pieces.

Inventory:

Hand Weapons
 o - a +0 long sword
 v - a +3 dagger of draining
 w - a +3 morningstar
 D - a cursed +5 long sword of freezing (weapon)
Missiles
 t - 62 stones
Armour
 p - a +0 kite shield
 F - a +2 kite shield
Jewellery
 i - an uncursed amulet of the acrobat
 k - a cursed ring of protection from fire (left tentacle)
 C - a cursed amulet of reflection (around mantle)
Wands
 b - a wand of acid (2)
 s - a wand of iceblast (13)
 u - a wand of random effects (20)
 E - a wand of polymorph (5)
 H - a wand of digging (7)
Scrolls
 e - a scroll of random uselessness {unknown}
 f - 4 scrolls of teleportation {unknown}
 h - 2 scrolls of immolation {unknown}
 j - 2 scrolls of enchant armour {unknown}
 l - 2 scrolls of magic mapping {unknown}
 n - a scroll of fog {unknown}
 r - a scroll of enchant weapon {unknown}
 y - 3 scrolls of identify
 z - 2 scrolls of remove curse
 A - 2 scrolls of blinking {unknown}
Potions
 a - 2 potions of attraction {unknown}
 c - 2 potions of resistance
 d - a potion of heal wounds
 g - 3 potions of haste
 m - 5 potions of curing
 q - a potion of brilliance {unknown}
 x - a potion of lignification {unknown}
 B - a potion of flight {unknown}
 G - a potion of cancellation {unknown}
 I - a potion of might {unknown}


   Skills:
 + Level 3.5 Fighting
 - Level 2.0 Dodging
 - Level 2.6 Stealth
 + Level 6.7 Spellcasting
 - Level 1.0 Transmutations
 * Level 10.3 Earth Magic


You had 6 spell levels left.
You knew the following spells:

 Your Spells              Type           Power        Failure   Level
a - Stone Arrow           Conj/Erth      54%          3%          3
b - Passwall              Tmut/Erth      24%          1%          2
c - Sandblast             Erth           96%          1%          1
d - Lee's Rapid Deconstr  Erth           24%          3%          5
e - Petrify               Tmut/Erth      29%          10%         4

Your spell library contained the following spells:

 Spells                   Type           Power        Failure   Level


Dungeon Overview and Level Annotations

Branches:
Dungeon (8/15)             Temple (1/1) D:5
   Lair: D:8-11

Altars:
Ashenzari
Cheibriados
Dithmenos
Elyvilon
Gozag
Hepliaklqana
Kikubaaqudgha
Makhleb
Nemelex Xobeh
Okawaru
Qazlal
Ru
Sif Muna
Trog
Uskayaw
Vehumet
Wu Jian
Xom
Yredelemnul
Zin

Shops:
D:4 :   D:7 :?!(

Annotations:
D:6 exclusion: statue


Innate Abilities, Weirdness & Mutations

You cannot wear most types of armour.
You are very stealthy in the water. (Stealth+)
You are amphibious.
You can wear up to eight rings at the same time.
You can use your tentacles to constrict eight enemies at once.
Your skin changes colour to match your surroundings (Stealth+).
Your rubbery body absorbs attacks. (AC +1, EV +1)


Message History

Aiming: Sandblast (safe; 1% risk of failure)
Press: ? - help, Shift-Dir - straight line, f/p - two-headed ogre
Aim: a two-headed ogre, wielding two +0 giant clubs (heavily wounded, 8% to evade)
The blast of sand hits the two-headed ogre!
The two-headed ogre is severely wounded.
* * * LOW MAGIC WARNING * * *
The two-headed ogre hits you with a +0 giant club!! x2
* * * LOW HITPOINT WARNING * * *
Casting: Sandblast (safe; 1% risk of failure)
Confirm with . or Enter, or press ? or * to list all spells.
Okay, then.
Casting: Sandblast (safe; 1% risk of failure)
Confirm with . or Enter, or press ? or * to list all spells.
Aiming: Petrify (dangerous; 10% risk of failure)
Press: ? - help, Shift-Dir - straight line, f/p - two-headed ogre
Aim: a two-headed ogre, wielding two +0 giant clubs (heavily wounded, chance to affect: 40%)
The two-headed ogre is moving more slowly.
* * * LOW MAGIC WARNING * * *
The two-headed ogre hits you with a +0 giant club!!
You die...

##........................# #.#
............####..>.......# #.#
..........................# #.#
......................#...# #.#
.................#....#...# #.#
.................#...##...####.##
........###..........###..#......
........# #......#...###..#.##.##
........# #.....@O...............
........# ###.#.##...###..#.##..#
........# #.#...#.####.........
........# #.#.#.........#.....#
.....#### #.#...#.........#....
.....########.#.#.#########.#####
#####.........#.#.# #......
#.#########.#.# ####### #.#
#.....#.# #


You could see a two-headed ogre (petrifying).

Vanquished Creatures
  A black bear (D:6)
  3 orc warriors (D:7)
  6 ogres
  3 centaurs
  A phantom (D:7)
  3 big kobolds (D:7)
  A bullfrog (D:7)
  A scorpion (D:4)
  5 wights (D:6)
  2 orc priests
  3 gnoll shamans (D:7)
  A hound (D:5)
  6 orc wizards
  Natasha (thrice) (D:3)
  5 worker ants
  A hound zombie (D:3)
  A worker ant zombie (D:7)
  10 gnolls
  9 adders
  2 shadow imps
  A white imp (D:5)
  3 oozes
  6 worms
  7 leopard geckos
  21 orcs
  3 ball pythons
  4 giant cockroaches
  10 goblins
  4 hobgoblins
  9 jackals
  4 quokkas
  7 bats
  8 frilled lizards
  A jackal skeleton (D:5)
  15 kobolds
  8 rats
178 creatures vanquished.

Vanquished Creatures (others)
  A kobold (D:7)
  6 fungi (D:7)
  58 plants
65 creatures vanquished.

Grand Total: 243 creatures vanquished

Notes
Turn   | Place    | Note
-------+----------+-------------------------------------------
     0 | D:1      | lunkers the Octopode Earth Elementalist began the quest for
                  | the Orb.
     0 | D:1      | Reached XP level 1. HP: 11/11 MP: 3/3
   336 | D:1      | Reached XP level 2. HP: 17/17 MP: 3/5
  1282 | D:2      | Reached XP level 3. HP: 21/21 MP: 4/6
  1349 | D:2      | Reached skill level 4 in Earth Magic
  1561 | D:2      | Reached XP level 4. HP: 27/27 MP: 0/8
  1790 | D:2      | Found an iron altar of Okawaru.
  1998 | D:2      | Learned a level 2 spell: Passwall
  2002 | D:2      | Learned a level 3 spell: Stone Arrow
  2275 | D:2      | Found a faded altar of an unknown god.
  2897 | D:3      | Reached XP level 5. HP: 31/31 MP: 6/9
  3068 | D:3      | Noticed a centaur
  3093 | D:3      | Killed a centaur
  3094 | D:3      | Reached skill level 5 in Earth Magic
  3446 | D:3      | Noticed Natasha
  3454 | D:3      | Killed Natasha
  3455 | D:3      | Reached XP level 6. HP: 36/36 MP: 6/11
  3719 | D:3      | Noticed Natasha
  3726 | D:3      | Killed Natasha
  4193 | D:3      | Noticed Natasha
  4200 | D:3      | Killed Natasha
  4372 | D:4      | Found Icsam's Book Shop.
  4450 | D:4      | Reached skill level 6 in Earth Magic
  4859 | D:4      | Reached XP level 7. HP: 28/41 MP: 3/13
  5348 | D:4      | Reached skill level 7 in Earth Magic
  5752 | D:5      | Entered Level 5 of the Dungeon
  6510 | D:5      | Found a staircase to the Ecumenical Temple.
  6532 | Temple   | Entered the Ecumenical Temple
  6746 | Temple   | Became a worshipper of Ashenzari the Shackled
  6951 | D:5      | Found a shimmering blue altar of Sif Muna.
  7556 | D:5      | Reached XP level 8. HP: 46/46 MP: 11/15
  7731 | D:6      | Reached skill level 5 in Spellcasting
  7843 | D:6      | Reached skill level 8 in Earth Magic
  7945 | D:6      | Found a radiant altar of Vehumet.
  8406 | D:6      | Found an ancient bone altar of Kikubaaqudgha.
  8723 | D:7      | Reached skill level 9 in Earth Magic
  8943 | D:7      | Found Nuxaapt's Magic Scroll Boutique.
  9023 | D:7      | Reached skill level 1 in Fighting
  9325 | D:7      | Found a shadowy altar of Dithmenos.
  9330 | D:7      | Reached XP level 9. HP: 54/54 MP: 11/18
  9529 | D:7      | Found Ihyzes's Book Shoppe.
  9548 | D:7      | Found an ornate altar of the Wu Jian Council.
  9639 | D:7      | Reached * piety under Ashenzari
  9770 | D:7      | Found Buim's Weapon Shop.
  9924 | D:6      | Learned a level 5 spell: Lee's Rapid Deconstruction
  9929 | D:6      | Learned a level 4 spell: Petrify
 10153 | D:7      | Reached skill level 10 in Earth Magic
 10445 | D:7      | Found Cirph's Distillery.
 10983 | D:8      | Noticed a two-headed ogre
 11014 | D:7      | Slain by a two-headed ogre

Illustrated notes

Levels and vault maps discovered:
D:1:      dpeg_arrival_three_bigger_balls, layout_loops_ring
D:2:      layout_basic, chequers_ecumenical_altar_simple, okawaru_gym_becter
D:3:      cheibrodos_old_hovel, layout_basic, serial_aquarium,
          aquarium_bridge_square [aquarium_subvault_window,
          aquarium_subvault_bridge, aquarium_subvault_bridge,
          aquarium_subvault_bridge], aquarium_window_corner,
          aquarium_window_fake, aquarium_window_1, aquarium_view_2c,
          aquarium_balcony_1b, uniq_natasha
D:4:      layout_gridville, serial_shops, shop
D:5:      layout_loops_corners, kennysheep_mini,
          minmay_temple_entry_statues_pillars, serial_bayou_lagoon_a,
          kennysheep_small_circle
D:6:      layout_cave_pools, kiku_gazebo_pond_becter, vehumet_statue
D:7:      kennysheep_seaside_town, layout_basic, basic_altar, serial_shops,
          shop, shop_fountains, nicolae_shop_window_shopping,
          kennysheep_little_box, nicolae_dithmenos_through_a_glass_darkly
D:8:      layout_layer_cave, basic_altar, david_defended_altar_elf
Temple:   bh_familiar_temple

Skill      XL: |  1  2  3  4  5  6  7  8  9 |
---------------+----------------------------+-----
Earth Magic    | 4 5 6 7 9 10 | 10.3
Spellcasting   | 3 4 6 |  6.7
Fighting       | 1 3 |  3.5
Dodging        | |  2.0
Stealth        | |  2.6
Transmutations | |  1.0

Action                   |  1- 3 |  4- 6 |  7- 9 || total
-------------------------+-------+-------+-------++-------
Melee: Unarmed           |    13 |       |       ||    13
       Constrict         |     3 |       |       ||     3
       Tentacles         |     1 |       |     3 ||     4
       Long sword        |       |     2 |    10 ||    12
       Dagger            |       |       |     7 ||     7
 Cast: Sandblast         |    50 |    79 |    17 ||   146
       Stone Arrow       |       |    11 |   129 ||   140
       Petrify           |       |       |     1 ||     1
Invok: Curse Item        |       |       |     2 ||     2
  Use: Scroll            |       |     5 |     1 ||     6
 Stab: Sleeping          |       |     1 |       ||     1
Armor: Skin              |     4 |     2 |     1 ||     7
Dodge: Dodged            |    31 |    25 |    27 ||    83
Block: Other             |       |       |    13 ||    13
       Reflection        |       |       |     6 ||     6
       Rpst.: Long sword |       |     2 |     1 ||     3

Table legend: (Time is in decaauts)
 A = Elapsed time spent in this place.
 B = Non-inter-level travel time spent in this place.
 C = Inter-level travel time spent in this place.
 D = Time resting spent in this place.
 E = Time spent auto-exploring this place.
 F = Levels seen in this place.
 G = Mean time per level.
                   A        B        C        D        E       F      G
               +--------+--------+--------+--------+--------+-----+--------+
         Total |  11024 |  10488 |    536 |    727 |   8177 |   9 | 1224.9 |
       Dungeon |  10782 |  10325 |    457 |    727 |   8019 |   8 | 1347.8 |
        Temple |    241 |    162 |     79 |      0 |    158 |   1 |  241.0 |
               +--------+--------+--------+--------+--------+-----+--------+

Top non-repeatable levels by time:
     D:7: 2104 daAuts
     D:5: 1698 daAuts
     D:3: 1612 daAuts
     D:4: 1511 daAuts
     D:2: 1507 daAuts
     D:1: 1230 daAuts
     D:6: 1100 daAuts
  Temple: 241 daAuts
     D:8: 18 daAuts
